AoeStats
← King_Llanes CT

African Clearing

511847055Analyzed
4v4 RM · 13d ago on Oct 6, 2026· 25m 11s· 8 players
Game mode
Random Map
Map size
Large (8 player)
Population
200
Speed
Normal
Resources
Standard
Victory
Conquest
Starting age
Dark Age
Ending age
Imperial Age
RankedLock teamsTeams togetherTeam positionsShared explorationLock speedFull tech treeHidden civsTurbo modeCheats
Victory
Defeat
🇲🇽 Poles · Mexico
1922
+5
🇲🇽 Tatars · Mexico
1756
+9
🇲🇽 Shu · Mexico
1751
+9
1316
+24
vs
🇪🇸 Armenians · Spain
1646
-15
🇦🇷 Spanish · Argentina
1607
-12
🇪🇸 Aztecs · Spain
1576
-11
🇫🇮 Berbers · Finland
1522
-9
Alexis
9:57 Loom
11:58 Feudal Age
12:35 Double-Bit Axe
13:53 Scale Barding Armor
17:09 Forging
22:46 Castle Age
21:51 Bloodlines
23:35 Padded Archer Armor
23:38 Husbandry
Alga
12:31 Feudal Age
13:17 Double-Bit Axe
16:51 Loom
17:13 Fletching
17:25 Padded Archer Armor
24:38 Castle Age
King_Llanes CT
12:29 Loom
14:15 Feudal Age
18:43 Castle Age
18:52 Scale Mail Armor
19:05 Eagle Warrior
21:11 Town Watch
21:48 Double-Bit Axe
RaldricDarko
11:56 Feudal Age
11:34 Loom
21:31 Fletching
26:10 Castle Age
hK | Romell13
9:23 Loom
11:58 Feudal Age
12:32 Double-Bit Axe
16:10 Fletching
24:37 Castle Age
22:57 Padded Archer Armor
22:49 Horse Collar
23:34 Gold Mining
24:52 Crossbowman
25:29 Bodkin Arrow
hK | RanDoM
13:20 Feudal Age
16:53 Castle Age
16:28 Loom
17:04 Light Cavalry
20:51 Horse Collar
21:51 Wheelbarrow
hK | Abarajeame la bañera nena
12:46 Feudal Age
14:44 Loom
17:52 Castle Age
18:06 Light Cavalry
24:11 Double-Bit Axe
24:12 Horse Collar
FierroFlash
9:11 Loom
11:22 Feudal Age
17:43 Horse Collar
19:06 Double-Bit Axe
20:56 Town Watch
24:33 Castle Age
25:39 Heavy Plow
Connection lost

Rejoining the realm…

Still unreachable

The connection could not be restored.

Session expired

The server has moved on; the page needs a fresh start.